 Dungeon Crawl Stone Soup version 0.21-a0-221-gfe971b9 (webtiles) character file.

102 Moloch the Chopper (level 4, 0/39 HPs)
             Began as a Hill Orc Fighter on Aug 27, 2017.
             Blown up by Ijyb (4 damage)
             ... with a wand of disintegration (?/24)
             ... on level 2 of the Dungeon.
             The game lasted 00:02:38 (2200 turns).

Moloch the Chopper (Hill Orc Fighter)               Turns: 2200, Time: 00:02:40

Health: 0/39       AC:  6    Str: 19    XL:     4   Next: 78%
Magic:  4/4        EV:  7    Int:  8    God:
Gold:   103        SH:  9    Dex: 10    Spells: 3/3 levels left

rFire    . . .     SeeInvis .   a - +0 war axe
rCold    + . .     Gourm    .   c - +0 shield
rNeg     . . .     Faith    .   b - +0 scale mail
rPois    .         Spirit   .   (no helmet)
rElec    .         Reflect  .   (no cloak)
rCorr    .         Harm     .   (no gloves)
MR       .....                  (no boots)
Stlth    ..........             (no amulet)
HPRegen  0.13/turn              n - ring of protection from cold
MPRegen  0.09/turn              (no ring)

@: no status effects
A: no striking features
a: no special abilities


You were on level 2 of the Dungeon.
You were not hungry.

You visited 1 branch of the dungeon, and saw 3 of its levels.

You collected 103 gold pieces.

Inventory:

Hand Weapons
 a - a +0 war axe (weapon)
Armour
 b - a +0 scale mail (worn)
 c - a +0 shield (worn)
Jewellery
 n - a ring of protection from cold (left hand)
Scrolls
 g - a scroll of noise {unknown}
 k - 2 scrolls of identify {unknown}
 m - a scroll of teleportation {unknown}
Potions
 d - 2 potions of might
 e - a potion of berserk rage {unknown}
 h - a potion of curing {unknown}
 i - a potion of heal wounds {unknown}
Comestibles
 f - 2 bread rations
 j - a meat ration
 l - 2 royal jellies


   Skills:
 - Level 3.6 Fighting
 + Level 6.4 Axes
 - Level 3.2 Armour
 - Level 3.2 Shields


You had 3 spell levels left.
You didn't know any spells.

Dungeon Overview and Level Annotations

Branches:
Dungeon (3/15)

Altars:
Nemelex Xobeh

Annotations:
D:2 Ijyb


Message History

Okay, then.
There is an escape hatch in the floor here.
You feel sick.
There is a stone staircase leading up here.
You block Ijyb's attack.
You climb upwards.
You feel sick.
You are no longer poisoned.
The hobgoblin hits you with a club.
* * * LOW HITPOINT WARNING * * *
There is a stone staircase leading down here.
Unknown command.
You block Ijyb's attack. You block the hobgoblin's attack.
Ijyb zaps a wand.
You are blasted!
* * * LOW HITPOINT WARNING * * *
It is a wand of disintegration (?/24).
Ijyb screams, "No!
No, no, no, no!"
Ijyb zaps a wand.
You barely resist.
All of the chunks of flesh in your inventory have rotted away.
Ijyb zaps a wand.
You are blasted!
You die...

.######.# ###..........###.### .#
#.# #..>............## # .#
#.######.#.#####..###.## .#
#.#...g....#####.####.# .##
#.#.####....##.._..##.##
..#####.#.#..........#.#.....## #
........#.#.......#<....#)###.###
..........#..###.##.....#.##.....
.#.###.g###..###@.........##.##.#
..## #.g# #......##.....####.##.#
..## #..# #...#####.....## #.##.#
.#.# #..# #.g.# ###....# #.##.#
.#.###..###g..# ####.# #.##.#
.#.#>.........# #.# #>....
..##.##.###.).# #.# ####.#
...#.##.# #...# #.# #.#
........###...# #####.######.#


You could see Ijyb and a hobgoblin.

Vanquished Creatures
  2 adders
  4 gnolls
  2 worms
  A dart slug (D:2)
  3 leopard geckos
  A bat (D:1)
  2 giant cockroaches (D:1)
  2 goblins
  7 hobgoblins
  5 kobolds
  A quokka (D:2)
  3 frilled lizards
  4 rats
37 creatures vanquished.

Notes
Turn   | Place    | Note
-------+----------+-------------------------------------------
     0 | D:1      | Moloch the Hill Orc Fighter began the quest for the Orb.
     0 | D:1      | Reached XP level 1. HP: 19/19 MP: 1/1
    37 | D:1      | Reached skill level 3 in Axes
   121 | D:1      | Reached XP level 2. HP: 26/26 MP: 2/2
   643 | D:1      | Reached skill level 4 in Axes
   838 | D:2      | Found a sparkling altar of Nemelex Xobeh.
   933 | D:2      | Reached XP level 3. HP: 31/31 MP: 3/3
  1110 | D:1      | Reached skill level 5 in Axes
  1457 | D:2      | Reached XP level 4. HP: 36/39 MP: 4/4
  1859 | D:2      | Reached skill level 6 in Axes
  2166 | D:3      | Noticed Ijyb
  2177 | D:2      | HP: 1/39 [disintegration (8)]
  2200 | D:2      | Blown up by Ijyb

Vault maps used:
D:1:      dpeg_arrival_stonehenge_12_columns
D:2:      lemuel_crystal_altar, first_bread, serial_bayou_lagoon_a,
          grunt_ministairs_11
D:3:      uniq_ijyb

Skill      XL: |  1  2  3  4 |
---------------+-------------+-----
Axes           | 3 4 5 6 |  6.4
Fighting       | |  3.6
Armour         | |  3.2
Shields        | |  3.2

Action                   |  1- 3 |  4- 6 || total
-------------------------+-------+-------++-------
Melee: War axe           |    99 |    60 ||   159
  Eat: Chunk             |     1 |     3 ||     4
Armor: Scale mail        |    33 |    13 ||    46
Dodge: Dodged            |    24 |    17 ||    41
Block: Shield            |    48 |    26 ||    74

Table legend:
 A = Spawn XP
 B = Non-spawn XP
 C = Spawn XP percentage of total XP
 D = Spawn monster count
 E = Non-spawn monster count
 F = Spawn count percentage of total count
 G = Total turns spent on level
                    A         B        C        D         E        F      G
               +---------+---------+-------+---------+---------+-------+---------
         Total |      11 |     136 |   7.5 |       7 |      30 |  18.9 |  2200
               +---------+---------+-------+---------+---------+-------+---------
           D:1 |       9 |      47 |  16.1 |       5 |      13 |  27.8 |  1097
           D:2 |       1 |      69 |   1.4 |       1 |      14 |   6.7 |  1037
           D:3 |       1 |      20 |   4.8 |       1 |       3 |  25.0 |    66
               +---------+---------+-------+---------+---------+-------+---------
